 Dungeon Crawl Stone Soup version 0.30-a0-778-g2ef04afb54 (webtiles) character file.

Game seed: 1350081203135033374

9118 juan097 the Cleaver (level 11, -1/95 HPs)
             Began as a Minotaur Berserker on Feb 16, 2023.
             Was a High Priest of Trog.
             Killed from afar by an electric eel (10 damage)
             ... with a bolt of electricity
             ... on level 10 of the Dungeon.
             The game lasted 00:23:04 (8703 turns).

juan097 the Cleaver (Minotaur Berserker)            Turns: 8703, Time: 00:23:04

Health: -1/95      AC:  9    Str: 29    XL:     11   Next: 18%
Magic:  19/19      EV: 14    Int:  4    God:    Trog [*****.]
Gold:   248        SH:  0    Dex: 16    Spells: 10/10 levels left

rFire   . . .      SeeInvis .    a - +3 war axe of the Keeping Traitor {heavy, rPois}
rCold   . . .      Faith    .    (no shield)
rNeg    . . .      Spirit   .    o - +0 swamp dragon scales
rPois   +          Reflect  .    (helmet restricted)
rElec   .          Harm     .    (no cloak)
rCorr   .          Rampage  .    (no gloves)
Will    .....                    (no boots)
Stlth   ++                       E - amulet of magic regeneration
HPRegen 0.35/turn                x - +6 ring of dexterity
MPRegen 0.56/turn                I - ring "Xuheaps" {MP+9 Str+3}

@: no status effects
A: horns 2, retaliatory headbutt
a: Renounce Religion, Berserk, Trog's Hand, Brothers in Arms


You were on level 10 of the Dungeon.
You worshipped Trog.
Trog was extremely pleased with you.
You visited 1 branch of the dungeon, and saw 10 of its levels.
You also visited: Bailey.

You collected 663 gold pieces.
You spent 415 gold pieces at shops.

Inventory:

Hand Weapons
 a - the +3 war axe of the Keeping Traitor (weapon) {heavy, rPois}
   (You bought it in a shop on level 4 of the Dungeon)

   rPois:     It protects you from poison.
 b - a +0 sling
 j - a +2 whip of holy wrath
 w - a +2 war axe of venom
 y - a +3 war axe
 T - a +3 heavy battleaxe
Missiles
 D - 20 boomerangs
 J - 9 poisoned darts (quivered)
 N - 4 atropa-tipped darts
Armour
 o - +0 swamp dragon scales (worn)
Jewellery
 p - an amulet of faith
 x - a +6 ring of dexterity (left hand)
 E - an amulet of magic regeneration (around neck)
 I - the ring "Xuheaps" (right hand) {MP+9 Str+3}
   (You found it on level 7 of the Dungeon)

   [ring of magical power]

   Str:       It affects your strength (+3).
   MP:        It affects your magic capacity (+9).
 M - the ring "Zoext" {Fire rPois rN+ Str-3 Slay+4}
   (You took it off a wight on level 8 of the Dungeon)

   [ring of fire]

   It enhances your fire magic.
   Str:       It affects your strength (-3).
   Slay:      It affects your accuracy & damage with ranged weapons and melee
   (+4).
   rF:        It protects you from fire.
   rC:        It makes you vulnerable to cold.
   rPois:     It protects you from poison.
   rN:        It protects you from negative energy.
 S - a ring of poison resistance
Wands
 m - a wand of charming (25)
 z - a wand of flame (14)
 F - a wand of acid (7)
 R - a wand of iceblast (8)
Scrolls
 f - 2 scrolls of immolation
 g - a scroll of teleportation {unknown}
 h - 3 scrolls of fear {unknown}
 i - 3 scrolls of enchant armour {unknown}
 q - a scroll of magic mapping {unknown}
 r - a scroll of poison {unknown}
 u - 2 scrolls of silence {unknown}
 v - 2 scrolls of noise {unknown}
 C - 3 scrolls of blinking {unknown}
 G - a scroll of vulnerability {unknown}
 H - 5 scrolls of enchant weapon {unknown}
 P - a scroll of amnesia {unknown}
 Q - a scroll of summoning {unknown}
Potions
 c - a potion of ambrosia {unknown}
 d - 8 potions of curing {unknown}
 e - 6 potions of heal wounds {unknown}
 k - 4 potions of degeneration {unknown}
 l - 3 potions of mutation {unknown}
 n - 3 potions of magic {unknown}
 s - a potion of haste {unknown}
 t - 2 potions of brilliance {unknown}
 A - a potion of lignification {unknown}
 B - a potion of invisibility {unknown}
 K - 2 potions of attraction {unknown}
 L - a potion of might
 O - a potion of flight {unknown}


   Skills:
 + Level 8.7 Fighting
 + Level 12.3 Axes
 + Level 2.5 Throwing
 + Level 8.8 Armour
 + Level 6.7 Dodging
 - Level 4.0 Stealth
 + Level 6.5 Evocations


You had 10 spell levels left.
You didn't know any spells.
Your spell library was empty.

Dungeon Overview and Level Annotations

Branches:
Dungeon (10/15)            Temple (0/1) D:4            Lair (0/5) D:10
    Orc (0/2) D:10         Bailey (visited)

Altars:
Xom

Shops:
D:2 (   D:4 (

Annotations:
D:9 2 runed translucent doors


Innate Abilities, Weirdness & Mutations

You have a pair of horns on your head.
You reflexively headbutt those who attack you in melee.


Message History

You miss the electric eel.
The electric eel shoots out a bolt of lightning at you!
The bolt of electricity hits you.
The hound barks!
You closely miss the electric eel. You headbutt the electric eel!
The electric eel is severely wounded.
The electric eel shoots out a bolt of lightning at you!
The bolt of electricity hits you!
The electric eel shoots out a bolt of lightning at you!
The bolt of electricity misses you.
The electric eel shoots out a bolt of lightning at you!
The bolt of electricity hits you!
A troll comes into view.
The hound bites you.
You miss the electric eel.
The electric eel is severely wounded.
The troll shouts!
You slash the hound! The hound closely misses you.
The electric eel shoots out a bolt of lightning at you!
The bolt of electricity misses you.
The electric eel shoots out a bolt of lightning at you!
The bolt of electricity hits you. The hound closely misses you.
As you read the scroll labelled PUN HUENOLEJOU, it crumbles to dust.
The creatures around you are filled with an inner flame!
It was a scroll of immolation.
The hound closely misses you. The hound misses you. You furiously retaliate!
You headbutt the hound! Trog accepts your kill.
The hound explodes!
The fiery explosion engulfs the electric eel!!
Trog accepts your kill. The fiery explosion engulfs you!
* * * LOW HITPOINT WARNING * * *
The electric eel explodes!
The electric eel shoots out a bolt of lightning at you!
The bolt of electricity hits you!
* * * LOW HITPOINT WARNING * * *
You hear a shout!
You hear a bellow! x2; You hear a howl!
The electric eel shoots out a bolt of lightning at you!
The bolt of electricity hits you!
You die...

~≈...~..~~~....#
≈~≈~..~~≈≈~.~..#
≈≈S≈~§§§≈§~....#
..≈~~§§§§.~....#
.....§§§§.~.~..#
....~§§§.......#
....T..§.#.###.#######
#######.##.###........
#@.......#######
#######.##.###.#
#......†÷..# #.#
#.......#### #.#
#.#####.<..###.#######
#...............
#....###########
#.#.## #..).#


You could see an electric eel (inner flame).

Vanquished Creatures
  2 vault guards (Bailey)
  A hornet (D:7)
  Grinder (D:4)
  Prince Ribbit (Bailey)
  Eustachio (D:4)
  5 humans (Bailey)
  4 yaks (D:10)
  A wyvern (D:8)
  Grum (D:8)
  2 steam dragons
  6 orc warriors
  An ice beast (D:5)
  2 black bears
  An ogre (D:5)
  2 sky beasts
  5 wolves
  3 centaurs
  A phantom (D:5)
  A kobold brigand (D:7)
  Blork the orc (D:6)
  13 bullfrogs
  A gnoll sergeant (D:7)
  A scorpion (D:6)
  A necrophage (D:7)
  8 wights
  Dowan (D:4)
  12 killer bees (D:8)
  2 howler monkeys (D:5)
  An electric eel (D:10)
  2 jellies
  4 hounds
  6 orc priests
  A gnoll bouda (D:8)
  8 iguanas
  11 orc wizards
  11 gnolls
  9 adders
  A shadow imp (D:8)
  A white imp (D:6)
  2 ufetubi
  3 dart slugs
  41 orcs
  5 ball pythons
  9 endoplasms
  A giant cockroach (D:4)
  6 goblins
  6 hobgoblins
  4 quokkas
  3 bats
  3 frilled lizards
  12 kobolds
  6 rats
237 creatures vanquished.

Vanquished Creatures (collateral kills)
  Duvessa (D:4)
  A hobgoblin (D:4)
  A kobold (D:4)
3 creatures vanquished.

Vanquished Creatures (others)
  A white imp (D:7)
1 creature vanquished.

Grand Total: 241 creatures vanquished

Notes
Turn   | Place    | Note
-------+----------+-------------------------------------------
     0 | D:1      | juan097 the Minotaur Berserker began the quest for the Orb.
     0 | D:1      | Reached XP level 1. HP: 19/19 MP: 0/0
    93 | D:1      | Reached XP level 2. HP: 23/27 MP: 1/1
   221 | D:1      | Reached skill level 4 in Axes
   261 | D:1      | Reached skill level 1 in Stealth
   662 | D:1      | Reached XP level 3. HP: 31/33 MP: 2/2
   716 | D:1      | Reached ** piety under Trog
  1296 | D:2      | Reached XP level 4. HP: 40/41 MP: 3/3
  1341 | D:2      | Found Duluxeir's Antique Weapon Emporium.
  2134 | D:3      | Found a faded altar of an unknown god.
  2230 | D:3      | Reached skill level 5 in Axes
  2263 | D:2      | Bought a glowing war axe for 143 gold pieces
  2297 | D:4      | Noticed Duvessa
  2297 | D:4      | Noticed Dowan
  2300 | D:4      | Noticed Grinder
  2307 | D:4      | Killed Duvessa
  2308 | D:4      | Reached skill level 5 in Fighting
  2308 | D:4      | Reached XP level 5. HP: 41/48 MP: 4/4
  2331 | D:4      | Killed Grinder
  2332 | D:4      | Reached skill level 6 in Axes
  2332 | D:4      | Reached XP level 6. HP: 57/57 MP: 5/5
  2333 | D:4      | Killed Dowan
  2354 | D:4      | Found a staircase to the Ecumenical Temple.
  2609 | D:4      | Found Kexy's Antique Weapon Shoppe.
  2634 | D:4      | Noticed Eustachio
  2899 | D:4      | Killed Eustachio
  2900 | D:4      | Reached skill level 1 in Evocations
  2900 | D:4      | Reached XP level 7. HP: 63/63 MP: 6/6
  2985 | D:5      | Entered Level 5 of the Dungeon
  3022 | D:5      | Reached *** piety under Trog
  3024 | D:5      | Reached skill level 7 in Axes
  3241 | D:5      | Reached XP level 8. HP: 63/70 MP: 7/7
  3924 | D:6      | Noticed Blork the orc
  3933 | D:6      | Killed Blork the orc
  3934 | D:6      | Reached skill level 8 in Axes
  4176 | D:6      | Reached skill level 5 in Armour
  4454 | D:7      | Found a shimmering altar of Xom.
  4455 | D:7      | Noticed a hornet
  4482 | D:7      | Reached XP level 9. HP: 51/75 MP: 8/8
  4493 | D:7      | Paralysed by a hornet for 2 turns
  4598 | D:7      | Identified the ring "Xuheaps" {MP+9 Str+3}
  4718 | D:7      | Reached skill level 5 in Dodging
  5341 | D:8      | Reached **** piety under Trog
  5349 | D:8      | Reached skill level 5 in Evocations
  5382 | D:8      | Reached skill level 9 in Axes
  5461 | D:8      | Found a flagged portal.
  5478 | Bailey   | Entered a bailey
  5508 | Bailey   | Reached XP level 10. HP: 81/88 MP: 9/9
  5800 | Bailey   | Noticed a vault guard
  5800 | Bailey   | Noticed Prince Ribbit
  5812 | Bailey   | Killed Prince Ribbit
  5813 | Bailey   | Reached skill level 10 in Axes
  5931 | Bailey   | Killed a vault guard
  5932 | Bailey   | Reached skill level 11 in Axes
  5963 | Bailey   | Noticed a vault guard
  5977 | Bailey   | Killed a vault guard
  5978 | Bailey   | Reached skill level 12 in Axes
  6114 | D:8      | Identified the ring "Zoext" {Fire rPois rN+ Str-3 Slay+4}
  6317 | D:8      | Reached skill level 1 in Throwing
  6525 | D:4      | Bought a bloodstained war axe for 272 gold pieces
  6525 | D:4      | Identified the +3 war axe of the Keeping Traitor {heavy,
                  | rPois} (You bought it in a shop on level 4 of the Dungeon)
  6819 | D:8      | Noticed Grum
  6831 | D:8      | Killed Grum
  7039 | D:8      | Reached ***** piety under Trog
  7290 | D:8      | Reached XP level 11. HP: 84/95 MP: 10/10
  7661 | D:9      | Noticed an ice dragon
  7661 | D:9      | Noticed a fire dragon
  7661 | D:9      | Noticed an ice dragon
  7661 | D:9      | Found the +2 shield of Resistance {rF++ rC++ Will++}
  7661 | D:9      | Found a runed translucent door.
  7668 | D:9      | Noticed a fire dragon
  8025 | D:9      | Received a gift from Trog
  8138 | D:9      | Found a runed translucent door.
  8353 | D:10     | Entered Level 10 of the Dungeon
  8664 | D:10     | Found a staircase to the Orcish Mines.
  8695 | D:10     | Found a staircase to the Lair.
  8703 | D:10     | Killed from afar by an electric eel

Illustrated notes

Levels and vault maps discovered:
D:1:      psy_arrival_fountain, layout_basic, nrook_uturn
D:2:      layout_loops_cross, serial_shops, shop
D:3:      layout_loops_ring, ebering_ecumenical_altar_rust
D:4:      layout_rooms, minmay_temple_entry_mini_moons, serial_shops, shop,
          minmay_unequal, uniq_eustachio, uniq_grinder, uniq_duvessa
D:5:      layout_loops_ring, minmay_misc_feat_four_crosses
D:6:      layout_gridville, uniq_blork_the_orc
D:7:      layout_rooms, xom_confusion_cloud
D:8:      layout_loops_cross, special_room [special_room_orc], enter_bailey_2,
          minmay_increasing_density, uniq_grum
D:9:      layout_roguey, minmay_guarded_unrand_resistance
D:10:     layout_loops_ring, erik_lair_island, orc_0_dummy, serial_ice,
          serial_ice_n, serial_ice_i, serial_ice_e, serial_ice_g

Skill      XL: |  1  2  3  4  5  6  7  8  9 10 11 |
---------------+----------------------------------+-----
Fighting       | 4 5 6 7 8 |  8.7
Axes           | 4 5 6 7 8 9 12 | 12.3
Stealth        | 1 2 3 4 |  4.0
Evocations     | 1 3 4 5 6 |  6.5
Armour         | 3 6 7 8 |  8.8
Dodging        | 4 6 |  6.7
Throwing       | 1 2 |  2.5

Action                     |  1- 3 |  4- 6 |  7- 9 | 10-12 || total
---------------------------+-------+-------+-------+-------++-------
  Melee: Hand axe          |    66 |    46 |       |       ||   112
         Headbutt          |     7 |     9 |    40 |    30 ||    86
         Punch             |     1 |       |     3 |     1 ||     5
         War axe           |       |    28 |   181 |   197 ||   406
   Fire: Sling             |     1 |     2 |    12 |    11 ||    26
  Throw: Dart              |       |       |     2 |     7 ||     9
 Invoke: Berserk           |       |     1 |     2 |     3 ||     6
         Trog's Hand       |       |       |     1 |       ||     1
  Evoke: Wand              |       |     2 |       |     1 ||     3
    Use: Scroll            |       |       |       |     1 ||     1
   Stab: Sleeping          |     3 |     3 |     8 |       ||    14
         Distracted        |       |       |     1 |       ||     1
 Armour: Animal skin       |     6 |       |       |       ||     6
         Swamp dragon scal |       |    17 |    62 |    49 ||   128
  Dodge: Dodged            |    35 |    41 |   120 |   139 ||   335

Table legend: (Time is in decaauts)
 A = Elapsed time spent in this place.
 B = Non-inter-level travel time spent in this place.
 C = Inter-level travel time spent in this place.
 D = Time resting spent in this place.
 E = Time spent auto-exploring this place.
 F = Levels seen in this place.
 G = Mean time per level.
                   A        B        C        D        E       F      G
               +--------+--------+--------+--------+--------+-----+--------+
         Total |   8821 |   8187 |    634 |    482 |   5868 |  11 |  801.9 |
       Dungeon |   8177 |   7543 |    634 |    258 |   5640 |  10 |  817.7 |
        Bailey |    643 |    643 |      0 |    224 |    227 |   1 |  643.0 |
               +--------+--------+--------+--------+--------+-----+--------+

Top non-repeatable levels by time:
     D:8: 1541 daAuts
     D:3: 1003 daAuts
     D:7: 943 daAuts
     D:1: 871 daAuts
     D:9: 825 daAuts
     D:6: 785 daAuts
     D:5: 746 daAuts
     D:2: 670 daAuts
  Bailey: 643 daAuts
     D:4: 559 daAuts
    D:10: 230 daAuts
